 Dungeon Crawl Stone Soup version 0.30-a0-728-gc68057b (webtiles) character file.

Game seed: 6277427245747972189

1190 Illumine the Caller (level 8, -1/33 HPs)
             Began as a Felid Summoner on Jan 31, 2023.
             Was an Initiate of Gozag.
             Succumbed to a kobold brigand's curare-tipped dart
             ... on level 7 of the Dungeon.
             The game lasted 00:16:46 (6585 turns).

Illumine the Caller (Felid Summoner)                Turns: 6585, Time: 00:16:46

Health: -1/33      AC:  2    Str: 10    XL:     8   Next: 20%
Magic:  15/18      EV: 18    Int: 19    God:    Gozag
Gold:   694        SH:  0    Dex: 16    Spells: 6/19 levels left
                                        Lives:  0   Deaths: 2

rFire   . . .      SeeInvis +    (weapon unavailable)
rCold   . . .      Faith    .    (shield unavailable)
rNeg    . . .      Spirit   .    (body armour unavailable)
rPois   .          Reflect  .    (helmet unavailable)
rElec   .          Harm     .    (cloak unavailable)
rCorr   .          Rampage  .    (gloves unavailable)
Will    +....                    (boots unavailable)
Stlth   ++                       (no amulet)
HPRegen 0.25/turn                t - +6 ring of strength
MPRegen 0.16/turn                (no ring)

@: lethally poisoned (-1 -> -18), slowed, slow
A: very small, claws 1, fangs 3, see invisible, speed 1, shaggy fur 2, stealthy
paws, no weapons or thrown items, no armour, multi-lived
a: Renounce Religion, Potion Petition, Call Merchant, Bribe Branch


You were on level 7 of the Dungeon.
You worshipped Gozag.
Gozag was pleased with you.
You visited 2 branches of the dungeon, and saw 8 of its levels.

You collected 733 gold pieces.
You paid 39 gold pieces to Gozag.

Inventory:

Jewellery
 t - a +6 ring of strength (left paw)
Wands
 q - a wand of iceblast (8)
Scrolls
 e - a scroll of teleportation
 f - 2 scrolls of fog
 g - a scroll of brand weapon {unknown}
 h - a scroll of blinking
 k - a scroll of enchant weapon {unknown}
 m - a scroll of silence {unknown}
 n - a scroll of magic mapping {unknown}
 o - 2 scrolls of summoning
 p - 3 scrolls of immolation {unknown}
 r - a scroll of vulnerability {unknown}
Potions
 a - a potion of magic
 b - 3 potions of might {unknown}
 c - a potion of flight {unknown}
 d - 3 potions of berserk rage {unknown}
 i - 2 potions of degeneration {unknown}
 j - a potion of cancellation {unknown}
 l - a potion of mutation {unknown}
 s - a potion of haste {unknown}
 u - a potion of invisibility {unknown}


   Skills:
 + Level 1.8 Fighting
 + Level 3.8 Dodging
 - Level 2.6 Stealth
 + Level 6.0 Spellcasting
 - Level 4.5 Hexes
 + Level 7.5 Summonings
 * Level 4.5 Air Magic


You had 6 spell levels left.
You knew the following spells:

 Your Spells              Type           Power      Damage    Failure   Level
a - Summon Small Mammal   Summ           100%       N/A       1%          1
b - Call Imp              Summ           34%        N/A       1%          2
c - Call Canine Familiar  Summ           34%        N/A       1%          3
d - Summon Guardian Gole  Hex/Summ       28%        N/A       2%          3
e - Summon Lightning Spi  Summ/Air       28%        N/A       9%          4

Your spell library contained the following spells:

 Spells                   Type           Power      Damage    Failure   Level
 Freeze                   Ice            20%        1d4       11%         1
 Sublimation of Blood     Necr           5%         N/A       17%         2
 Frozen Ramparts          Ice            10%        1d2       32%         3
 Hailstorm                Conj/Ice       5%         3d4       32%         3
 Petrify                  Tmut/Erth      5%         N/A       73%         4
 Irradiate                Conj/Tmut      2%         3d12      97%         5


Dungeon Overview and Level Annotations

Branches:
Dungeon (7/15)             Temple (1/1) D:4

Altars:
Ashenzari
Gozag
Makhleb
Ru
Trog
Uskayaw
Vehumet
Wu Jian


Innate Abilities, Weirdness & Mutations

You have sharp claws.
You have razor-sharp teeth.
You have supernaturally acute eyesight. (SInv)
You cover ground quickly. (Speed+)
You are covered in thick fur. (AC +2)
Your paws help you pounce on unaware monsters.
You are incapable of wielding weapons or throwing items.
You cannot wear armour.
You gain extra lives every three experience levels.


Message History

You see here a +0 giant club.
You now have 628 gold pieces (gained 6).
Key pressed, stopping explore.
You now have 633 gold pieces (gained 5).
You see here a +0 hand axe.
You now have 652 gold pieces (gained 19).
Items here: )) ? [[.
You now have 669 gold pieces (gained 17).
u - a fuming dark potion
Things that are here:
a +0 dagger; a +0 robe
Things that are here:
25 gold pieces; a +0 dagger of venom A kobold brigand is nearby!
You now have 694 gold pieces (gained 25).
You see here a +0 dagger of venom.
What are your orders? t - Meow!
Orders for allies: a - Attack new target. r - Retreat! s - Stop attacking. g - Guard the area. f - Follow me.
Anything else - Cancel.
You meow for attention!
The kobold brigand shouts!
You hear a shout! x2
The kobold brigand throws a curare-tipped dart.
The curare-tipped dart hits you.
You are poisoned.
You have difficulty breathing.
You feel yourself slow down.
You feel very sick.
The kobold brigand throws a curare-tipped dart.
The curare-tipped dart hits you.
You are lethally poisoned!
You have difficulty breathing.
You feel as though you will be slow longer.
* * * LOW HITPOINT WARNING * * *
You feel extremely sick.
Casting: Summon Lightning Spire (quite dangerous; 9% risk of failure)
Confirm with . or Enter, or press ? or * to list all spells.
The kobold shouts!
You die...
Your body crumbles into a pile of gold.

#.###########...# #.# #...#
#.# #...# .# #.#
########...# ... #.#
#.........## ....
#.####.........# .....
#..............#
.....K####.))......#########
......K.)..@).......<[....[#
.....######................#
... #..h.............# .
#........###......
######.#####.##### #.#
#....... $ #.# #....... #.#
#....... #.# #.......


You could see a kobold brigand (ally target), a kobold and a friendly hound
(summoned).

Vanquished Creatures
  An orc wizard (D:5)
  An orc (D:7)
  An endoplasm (D:1)
  A giant cockroach (D:2)
  A goblin (D:4)
  A hobgoblin (D:2)
  3 bats (D:2)
  A frilled lizard (D:1)
  A kobold (D:2)
  A rat (D:1)
12 creatures vanquished.

Vanquished Creatures (collateral kills)
  An ice beast (D:6)
  A centaur (D:5)
  A necrophage (D:7)
  A scorpion (D:7)
  A bullfrog (D:6)
  A jelly (D:5)
  A hound (D:5)
  An orc priest (D:7)
  An iguana (D:5)
  13 orc wizards
  2 gnolls (D:5)
  8 adders
  A shadow imp (D:5)
  2 white imps
  A worm (D:5)
  28 orcs
  A ball python (D:2)
  2 bats
  7 endoplasms
  4 giant cockroaches
  4 goblins
  2 hobgoblins
  3 quokkas
  A frilled lizard (D:3)
  4 kobolds
  3 rats
95 creatures vanquished.

Vanquished Creatures (others)
  Joseph (D:7)
  An ogre (D:7)
  A centaur (D:7)
  2 scorpions (D:5)
  Crazy Yiuf (D:5)
  An iguana (D:5)
  An orc wizard (D:6)
  A gnoll (D:5)
  An adder (D:6)
  A shadow imp (D:7)
  2 orcs
  A plant (D:5)
14 creatures vanquished.

Grand Total: 121 creatures vanquished

Notes
Turn   | Place    | Note
-------+----------+-------------------------------------------
     0 | D:1      | Illumine the Felid Summoner began the quest for the Orb.
     0 | D:1      | Reached XP level 1. HP: 7/7 MP: 4/4
   365 | D:1      | Reached XP level 2. HP: 11/11 MP: 4/6
   790 | D:2      | Learned a level 2 spell: Call Imp
  1176 | D:2      | Reached XP level 3. HP: 14/14 MP: 4/8
  1226 | D:2      | Learned a level 3 spell: Call Canine Familiar
  1758 | D:3      | Found a faded altar of an unknown god.
  2187 | D:4      | Reached XP level 4. HP: 18/18 MP: 3/9
  2431 | D:4      | Reached skill level 5 in Summonings
  2555 | D:4      | Found a staircase to the Ecumenical Temple.
  2571 | D:4      | Noticed an ogre
  2574 | Temple   | Entered the Ecumenical Temple
  2582 | Temple   | Became a worshipper of Gozag Ym Sagoz the Greedy
  2605 | D:5      | Entered Level 5 of the Dungeon
  2610 | D:5      | Learned a level 3 spell: Summon Guardian Golem
  2659 | D:5      | Reached skill level 1 in Hexes
  2930 | D:5      | Reached XP level 5. HP: 21/21 MP: 5/11
  3162 | D:5      | Noticed a centaur
  3208 | D:5      | Gained mutation: You are covered in thick fur. (AC +2)
                  | [Felid growth]
  3208 | D:5      | Reached XP level 6. HP: 24/24 MP: 1/13
  3390 | D:5      | Reached skill level 6 in Summonings
  3564 | D:5      | Reached XP level 7. HP: 27/27 MP: 11/14
  3607 | D:5      | Learned a level 4 spell: Summon Lightning Spire
  3774 | D:5      | Found an ornate altar of the Wu Jian Council.
  3774 | D:5      | Found a sacrificial altar of Ru.
  3777 | D:5      | Found a bloodstained altar of Trog.
  4078 | D:5      | Reached skill level 1 in Air Magic
  4092 | D:5      | Slain by a gnoll
  4093 | D:5      | Reached XP level 6. HP: -1/24 MP: 2/14
  4645 | D:5      | Reached skill level 5 in Spellcasting
  4717 | D:5      | Found a runed translucent door.
  4718 | D:5      | Noticed Crazy Yiuf
  4738 | D:5      | Killed Crazy Yiuf
  4928 | D:6      | Reached XP level 7. HP: 27/27 MP: 8/15
  5232 | D:5      | Succumbed to a water moccasin's poison
  5233 | D:5      | Reached XP level 6. HP: 0/24 MP: 4/14
  5335 | D:6      | Noticed a steam dragon
  5614 | D:6      | Killed an ice beast
  5615 | D:6      | Reached skill level 7 in Summonings
  5615 | D:6      | Reached XP level 7. HP: 27/27 MP: 10/16
  5947 | D:7      | Noticed Joseph
  5980 | D:7      | Killed Joseph
  5981 | D:7      | Reached skill level 1 in Fighting
  5981 | D:7      | Reached XP level 8. HP: 20/32 MP: 11/17
  6585 | D:7      | Succumbed to a kobold brigand's curare-tipped dart

Illustrated notes

Levels and vault maps discovered:
D:1:      roderic_dead_forest, layout_basic
D:2:      layout_basic
D:3:      layout_basic, basic_ecumenical_altar
D:4:      black_bear_nest_2, layout_rooms, minmay_temple_entry_arrows,
          uniq_sigmund
D:5:      layout_cave_pods, gammafunk_temple_overflow_forgotten,
          serial_column_ruins, column_ruins_square_small, column_ruins_grid_2,
          column_ruins_grid_1, column_ruins_open_large, grunt_ministairs_14,
          hex_tiny, minmay_misc_feat_cross, minmay_a_box_with_orc_wizards_in_it,
          uniq_crazy_yiuf_cottage
D:6:      layout_cave_pools
D:7:      layout_basic, uniq_joseph
Temple:   nicolae_temple_bog_church

Skill      XL: |  1  2  3  4  5  6  7  8 |
---------------+-------------------------+-----
Spellcasting   | 3 4 5 6 |  6.0
Summonings     | 5 7 |  7.5
Hexes          | 1 3 4 |  4.5
Air Magic      | 3 4 |  4.5
Fighting       | 1 |  1.8
Dodging        | 3 |  3.8
Stealth        | |  2.6

Action                     |  1- 3 |  4- 6 |  7- 9 || total
---------------------------+-------+-------+-------++-------
  Melee: Unarmed           |    39 |    10 |     9 ||    58
         Bite              |     7 |     2 |     2 ||    11
   Cast: Summon Small Mamm |    28 |     7 |     2 ||    37
         Call Imp          |    14 |    16 |     7 ||    37
         Call Canine Famil |     2 |    25 |    19 ||    46
         Summon Guardian G |       |    12 |    18 ||    30
         Summon Lightning  |       |       |     4 ||     4
    Use: Scroll            |     3 |     1 |     1 ||     5
         Potion            |       |       |     2 ||     2
   Stab: Sleeping          |     1 |       |       ||     1
         Distracted        |     1 |     1 |       ||     2
 Armour: Skin              |     5 |     1 |     4 ||    10
  Dodge: Dodged            |    34 |    16 |    47 ||    97

Table legend: (Time is in decaauts)
 A = Elapsed time spent in this place.
 B = Non-inter-level travel time spent in this place.
 C = Inter-level travel time spent in this place.
 D = Time resting spent in this place.
 E = Time spent auto-exploring this place.
 F = Levels seen in this place.
 G = Mean time per level.
                   A        B        C        D        E       F      G
               +--------+--------+--------+--------+--------+-----+--------+
         Total |   5908 |   5806 |    102 |   1299 |   3037 |   8 |  738.5 |
       Dungeon |   5893 |   5791 |    102 |   1299 |   3037 |   7 |  841.9 |
        Temple |     15 |     15 |      0 |      0 |      0 |   1 |   15.0 |
               +--------+--------+--------+--------+--------+-----+--------+

Top non-repeatable levels by time:
     D:5: 2218 daAuts
     D:7: 946 daAuts
     D:2: 793 daAuts
     D:1: 652 daAuts
     D:6: 483 daAuts
     D:3: 435 daAuts
     D:4: 363 daAuts
  Temple: 15 daAuts
